 Dungeon Crawl Stone Soup version 0.25.1-1-g288607f5aa (webtiles) character file.

Game seed: 7481746735501987621

4 Descartes the Vexing (level 1, -2/7 HPs)
             Began as a Felid Enchanter on July 19, 2020.
             Slain by a hobgoblin
             ... wielding a +0 club
              (4 damage)
             ... on level 1 of the Dungeon on July 20, 2020.
             The game lasted 00:01:52 (39 turns).

Descartes the Vexing (Felid Enchanter)                Turns: 39, Time: 00:01:52

Health: -2/7       AC:  1    Str:  4    XL:     1   Next: 58%
Magic:  2/4        EV: 18    Int: 16    God:
Gold:   0          SH:  0    Dex: 16    Spells: 3/4 levels left
                                        Lives:  0   Deaths: 0

rFire    . . .     SeeInvis +     - Unarmed
rCold    . . .     Gourm    .   (shield unavailable)
rNeg     . . .     Faith    .   (armour unavailable)
rPois    .         Spirit   .   (helmet unavailable)
rElec    .         Reflect  .   (cloak unavailable)
rCorr    .         Harm     .   (gloves unavailable)
MR       .....                  (boots unavailable)
Stlth    +++.......             (no amulet)
HPRegen  0.02/turn              (no ring)
MPRegen  0.09/turn              (no ring)

@: quick
A: very small, no armour, no weapons or thrown items, stealth, claws 1, fangs 3,
see invisible, carnivore, speed 1, shaggy fur 1, slow metabolism 1, sharp paws
a: no special abilities


You were on level 1 of the Dungeon.
You were not hungry.

You visited 1 branch of the dungeon, and saw 1 of its levels.

Inventory:

Comestibles
 b - a ration


   Skills:
 - Level 2.6 Dodging
 + Level 4.2 Stealth
 - Level 1.0 Unarmed Combat
 - Level 2.0 Spellcasting
 - Level 4.7 Hexes


You had 3 spell levels left.
You knew the following spells:

 Your Spells              Type           Power        Failure   Level  Hunger
a - Corona                Hex            ###....      3%          1    #......

Your spell library contained the following spells:

 Spells                   Type           Power        Failure   Level  Hunger
 Confusing Touch          Hex            ###.....     9%          3    ###....
 Tukima's Dance           Hex            ###.....     9%          3    ###....
 Ensorcelled Hibernation  Hex/Ice        #.....       12%         2    ###....
 Dazzling Flash           Conj/Hex       #.....       24%         3    ###....


Dungeon Overview and Level Annotations

Branches:
Dungeon (1/15)

Altars:


Innate Abilities, Weirdness & Mutations

You cannot wear armour.
You are incapable of wielding weapons or throwing items.
Your paws allow you to move quietly. (Stealth)
You have sharp claws.
You have razor-sharp teeth.
You have supernaturally acute eyesight. (SInv)
You are carnivorous and can eat meat at any time.
You cover ground quickly.
You are covered in fur. (AC +1)
You have a slow metabolism.
Your sharp claws are effective at attacking unaware monsters.


Message History

Press: ? - help, Shift-Dir - straight line, f - leopard gecko
Aim: a leopard gecko (chance to defeat MR: 71%)
The leopard gecko is outlined in light.
The leopard gecko closely misses you.
You scratch the leopard gecko.
You kill the leopard gecko!
Casting: Corona (safe; 3% risk of failure)
Confirm with . or Enter, or press ? or * to list all spells.
Aiming: Corona (safe; 3% risk of failure)
Press: ? - help, Shift-Dir - straight line, f - hobgoblin
Aim: a hobgoblin, wielding a +0 club (chance to defeat MR: 71%)
The hobgoblin is outlined in light.
The hobgoblin completely misses you.
You barely miss the hobgoblin. The hobgoblin completely misses you.
You scratch the hobgoblin.
The hobgoblin is lightly wounded.
The hobgoblin closely misses you.
You scratch the hobgoblin. Your bite misses the hobgoblin.
The hobgoblin is severely wounded.
The hobgoblin hits you with a +0 club.
Ouch! That really hurt!
You die...

#### #♣♣.<#
#P♣..#
#PP.♣#
#♣..P#
###P..♣#
#.+..♣P#
#.#♣.♣P#
######.
♣@P♣#
.......##g##
.........l#
#..?.....##
.......>##
##......#
#.#?.#.#
.....#.#
.#... #.#


You could see a hobgoblin (corona) and a frilled lizard.

Vanquished Creatures
  2 leopard geckos (D:1)
  A bat (D:1)
3 creatures vanquished.

Notes
Turn   | Place    | Note
-------+----------+-------------------------------------------
     0 | D:1      | Descartes the Felid Enchanter began the quest for the Orb.
     0 | D:1      | Reached XP level 1. HP: 7/7 MP: 4/4
    39 | D:1      | Slain by a hobgoblin

Illustrated notes

Levels and vault maps discovered:
D:1:      tarquinn_simple_flora_water_f, layout_basic

Action                   || total
-------------------------++-------
Melee: Unarmed           ||    15
       Bite              ||     1
 Cast: Corona            ||     2
Armor: Skin              ||     3
Dodge: Dodged            ||    19
